 Dungeon Crawl Stone Soup version 0.29.1-4-g47bece8355 (webtiles) character file.

Game seed: 118648831012008085

18800 iamoutofideas the Severer (level 12, -5/112 HPs)
             Began as a Hill Orc Berserker on Dec 8, 2022.
             Was an Elder of Trog.
             Slain by a fire elemental (6 damage)
             ... summoned by a deep elf pyromancer
             ... on level 12 of the Dungeon.
             The game lasted 00:16:13 (16446 turns).

iamoutofideas the Severer (Hill Orc Berserker)     Turns: 16446, Time: 00:16:14

Health: -5/112     AC: 21    Str: 29    XL:     12   Next: 62%
Magic:  12/12      EV:  8    Int:  6    God:    Trog [****..]
Gold:   831        SH:  0    Dex:  9    Spells: 11/11 levels left

rFire   . . .      SeeInvis .   k - +1 war axe (flame)
rCold   + . .      Faith    .   (no shield)
rNeg    . . .      Spirit   .   x - +1 plate armour
rPois   +          Reflect  .   r - +0 helmet
rElec   .          Harm     .   j - +0 cloak
rCorr   .          Rampage  .   E - +0 pair of gloves
Will    .....                   (no boots)
Stlth   ..........              (no amulet)
HPRegen 0.28/turn               t - ring of protection from cold
MPRegen 0.13/turn               (no ring)

@: on berserk cooldown, slowed, very slow
A: poison resistance, strong 1
a: Renounce Religion, Convert to Beogh, Berserk, Trog's Hand, Brothers in Arms


You were on level 12 of the Dungeon.
You worshipped Trog.
Trog was greatly pleased with you.
You visited 1 branch of the dungeon, and saw 14 of its levels.

You collected 831 gold pieces.

Inventory:

Hand Weapons
 k - a +1 war axe of flaming (weapon)
Missiles
 b - a curare-tipped dart
 q - 2 silver javelins (quivered)
Armour
 c - a scarf of resistance
 j - a +0 cloak (worn)
 r - a +0 helmet (worn)
 x - a +1 plate armour (worn)
 E - a +0 pair of gloves (worn)
Jewellery
 t - a ring of protection from cold (left hand)
 F - a +6 ring of strength
Wands
 y - a wand of roots (5)
 B - a wand of flame (8)
 H - a wand of polymorph (6)
Scrolls
 f - 4 scrolls of magic mapping
 g - a scroll of enchant armour
 h - a scroll of blinking
 i - a scroll of vulnerability {unknown}
 l - 3 scrolls of teleportation
 m - 5 scrolls of enchant weapon
 n - 2 scrolls of brand weapon
 u - a scroll of immolation {unknown}
Potions
 a - a potion of lignification {unknown}
 d - a potion of berserk rage
 e - 4 potions of curing
 o - a potion of cancellation
 p - 4 potions of attraction
 s - a potion of degeneration {unknown}
 v - 3 potions of flight
 w - a potion of brilliance {unknown}
 z - 3 potions of mutation
 A - 2 potions of invisibility
 G - 2 potions of magic {unknown}


   Skills:
 + Level 11.8 Fighting
 + Level 18.9 Axes
 + Level 12.0 Armour
 + Level 2.1 Dodging


You had 11 spell levels left.
You didn't know any spells.
Your spell library contained the following spells:

 Spells                   Type           Power      Damage    Failure   Level
 Foxfire                  Conj/Fire      0%         2x1d4     98%         1
 Freeze                   Ice            0%         1d3       98%         1
 Conjure Flame            Conj/Fire      0%         6-21      100%        3
 Inner Flame              Hex/Fire       0%         N/A       100%        3
 Stone Arrow              Conj/Erth      0%         3d7       100%        3
 Anguish                  Hex/Necr       0%         N/A       100%        4
 Animate Armour           Summ/Erth      0%         N/A       100%        4
 Flame Wave               Conj/Fire      0%         2d4       100%        4
 Fireball                 Conj/Fire      0%         3d3       100%        5
 Freezing Cloud           Conj/Ice/Air   0%         6-21      100%        5
 Iskenderun's Battlesphe  Conj           0%         2d6       100%        5
 Conjure Ball Lightning   Conj/Air       0%         3x3d6     100%        6
 Simulacrum               Ice/Necr       0%         N/A       100%        6
 Enfeeble                 Hex            0%         N/A       100%        7
 Orb of Destruction       Conj           0%         9d5       100%        7
 Lehudib's Crystal Spear  Conj/Erth      0%         10d2      100%        8
 Polar Vortex             Ice            0%         N/A       100%        9


Dungeon Overview and Level Annotations

Branches:
Dungeon (14/15)            Temple (0/1) D:6            Lair (0/5) D:9
    Orc (0/2) D:12
 Vaults: D:13-14

Altars:
Ashenzari
Cheibriados
Dithmenos
Elyvilon
Nemelex Xobeh
Ru
Trog
Uskayaw
Vehumet
Zin
Beogh

Shops:
D:3 :   D:6 =   D:7 *


Innate Abilities, Weirdness & Mutations

Your system is resistant to poisons. (rPois)
Your muscles are strong. (Str +4, Int/Dex -1)


Message History

Unknown command.
You slash the orc knight! You burn the orc knight.
The orc knight is heavily wounded.
You slice the fire elemental!! The fire elemental hits you.
The fire elemental burns you! The fire elemental misses you.
The orc knight hits you with a +3 battleaxe!
You hit the fire elemental but do no damage.
The fire elemental is heavily damaged.
You closely miss the orc knight. The fire elemental hits you.
The fire elemental burns you!
The orc knight hits you with a +3 battleaxe!
You are too injured to fight recklessly!
Unknown command.
Unknown command.
You are too injured to fight recklessly!
Unknown command.
You are too injured to fight recklessly!
The orc priest shouts, "Beogh is our master!
Accept the truth or die!"
You slash the orc knight! You burn the orc knight.
The orc knight is severely wounded.
You closely miss the fire elemental.
The orc no longer looks unusually strong. x3
The fire elemental barely misses you.
The orc knight hits you with a +3 battleaxe!!
* * * LOW HITPOINT WARNING * * *
The fire elemental barely misses you.
The deep elf pyromancer casts a spell.
The deep elf pyromancer blinks!
The fire elemental hits you.
* * * LOW HITPOINT WARNING * * *
The fire elemental burns you!
* * * LOW HITPOINT WARNING * * *
Unknown command.
You feel better.
The orc no longer looks unusually strong.
The deep elf pyromancer gestures wildly while chanting.
The deep elf pyromancer blinks!
The orc knight hits you with a +3 battleaxe!!
* * * LOW HITPOINT WARNING * * *
The fire elemental hits you. The fire elemental burns you!
You die...

....# .#[# .##.# .8.###
.##.# '...# )...# # 8.#.#
.#### #. #.#.# .# #..
#)#.###### .# #>.°
#.#......# .# ###.°Eo
#?#.####.# .#
#.#...oo#@#.####.# .#
#.#eoooo8Eo...##.#
########.#..Eoo°)..#.##.#
##.......#....o8.#.#.##.#
##.##....#.$..o#.#......###
#.#.....#######.###......#
#.#.....# ### ######.####
##.......# #........#
#........# #######
#.#.#.##.#


You could see an orc knight, a deep elf pyromancer, 2 fire elementals, an orc
priest (strong) and 7 orcs.

Vanquished Creatures
  4 two-headed ogres
  A tengu warrior (D:14)
  2 wizards
  A deep elf pyromancer (D:13)
  2 cyclopes
  An ugly thing (D:12)
  A manticore (D:12)
  2 centaur zombies (D:11)
  A gargoyle (D:9)
  2 unseen horrors (D:12)
  A kobold demonologist (D:12)
  2 komodo dragons
  6 trolls
  A hornet (D:8)
  10 slime creatures (D:12)
  2 shadows (D:11)
  5 wraiths
  2 vampires (D:11)
  A yak (D:9)
  6 vampire mosquitoes (D:11)
  A steam dragon (D:6)
  An acid dragon (D:14)
  3 water moccasins
  2 ice beasts
  3 orc warriors
  2 sky beasts
  7 centaurs
  An ogre (D:6)
  A wolf (D:8)
  2 kobold brigands
  A gnoll sergeant (D:5)
  4 bullfrogs
  3 scorpions
  11 wights
  14 killer bees
  A howler monkey (D:9)
  5 electric eels (D:9)
  A quasit (D:5)
  2 jellies
  10 orc priests
  A gnoll bouda (D:5)
  6 hounds (D:8)
  An iron imp (D:3)
  An iguana (D:5)
  15 orc wizards
  Robin (D:4)
  10 gnolls (D:5)
  6 adders
  6 shadow imps
  2 white imps (D:5)
  3 ufetubi
  2 worms
  A dart slug (D:4)
  55 orcs
  4 endoplasms
  A giant cockroach (D:1)
  22 goblins
  7 hobgoblins
  9 jackals
  2 quokkas
  A ball python (D:4)
  3 bats
  8 kobolds
  5 rats
300 creatures vanquished.

Vanquished Creatures (collateral kills)
  An orc (D:8)
  A kobold (D:8)
2 creatures vanquished.

Vanquished Creatures (others)
  A demonic plant (D:5)
  A withered plant (D:11)
2 creatures vanquished.

Grand Total: 304 creatures vanquished

Notes
Turn   | Place    | Note
-------+----------+-------------------------------------------
     0 | D:1      | iamoutofideas the Hill Orc Berserker began the quest for
                  | the Orb.
     0 | D:1      | Reached XP level 1. HP: 19/19 MP: 1/1
   213 | D:1      | Reached XP level 2. HP: 27/27 MP: 2/2
   216 | D:1      | Found a faded altar of an unknown god.
   883 | D:1      | Got Plato's Precepts of Rime
  1412 | D:2      | Reached skill level 5 in Axes
  1412 | D:2      | Reached XP level 3. HP: 31/33 MP: 3/3
  2236 | D:3      | Found a broken altar of Ashenzari.
  2492 | D:3      | Found a snail-covered altar of Cheibriados.
  2503 | D:3      | Reached skill level 6 in Axes
  2503 | D:3      | Reached XP level 4. HP: 30/40 MP: 4/4
  2721 | D:3      | Found Qoivia's Vocational Training.
  3055 | D:3      | Reached ** piety under Trog
  3164 | D:4      | Reached skill level 7 in Axes
  3164 | D:4      | Reached XP level 5. HP: 46/46 MP: 5/5
  3181 | D:4      | HP: 2/46 [something/magic dart (5)]
  3182 | D:4      | Gained mutation: Your system is resistant to poisons.
                  | (rPois) [potion of mutation]
  3182 | D:4      | Gained mutation: Your muscles are strong. (Str +4, Int/Dex
                  | -1) [potion of mutation]
  3615 | D:4      | Found a white marble altar of Elyvilon.
  3763 | D:4      | Reached skill level 8 in Axes
  3890 | D:4      | Noticed a water moccasin
  3897 | D:4      | Reached XP level 6. HP: 52/52 MP: 6/6
  3899 | D:4      | Killed a water moccasin
  3900 | D:4      | Reached skill level 9 in Axes
  4223 | D:4      | Reached skill level 10 in Axes
  4223 | D:4      | Reached XP level 7. HP: 59/59 MP: 7/7
  4363 | D:4      | Found a shadowy altar of Dithmenos.
  4717 | D:4      | Noticed Robin
  4731 | D:4      | Killed Robin
  4957 | D:5      | Entered Level 5 of the Dungeon
  5045 | D:5      | Reached skill level 11 in Axes
  5394 | D:5      | Reached *** piety under Trog
  5472 | D:5      | Reached XP level 8. HP: 66/66 MP: 8/8
  5478 | D:5      | Reached skill level 12 in Axes
  5741 | D:5      | Found a bloodstained altar of Trog.
  5743 | D:5      | Found a sacrificial altar of Ru.
  5994 | D:6      | Reached skill level 13 in Axes
  6366 | D:6      | Found a staircase to the Ecumenical Temple.
  6367 | D:6      | Found Goasebesi's Jewellery Emporium.
  6525 | D:6      | Reached skill level 14 in Axes
  6578 | D:6      | Reached XP level 9. HP: 12/71 MP: 9/9
  6969 | D:6      | Reached skill level 15 in Axes
  7648 | D:7      | Reached skill level 16 in Axes
  7744 | D:7      | Reached **** piety under Trog
  7883 | D:7      | Found Suissi's General Store.
  8047 | D:8      | Found a hide-covered altar of Uskayaw.
  8229 | D:8      | Noticed a two-headed ogre
  8236 | D:8      | Killed a two-headed ogre
  8237 | D:8      | Reached skill level 5 in Fighting
  8237 | D:8      | Reached XP level 10. HP: 81/81 MP: 10/10
  8272 | D:8      | Found a sparkling altar of Nemelex Xobeh.
  8341 | D:8      | Reached skill level 17 in Axes
  9176 | D:8      | Reached skill level 5 in Armour
  9320 | D:8      | HP: 5/124 [troll (7)]
  9326 | D:8      | HP: 3/126 [poisoned by a hornet]
 10042 | D:9      | Found a staircase to the Lair.
 10394 | D:9      | Found a radiant altar of Vehumet.
 11077 | D:9      | Noticed a gargoyle
 11086 | D:9      | Killed a gargoyle
 11490 | D:10     | Entered Level 10 of the Dungeon
 11575 | D:10     | Reached XP level 11. HP: 23/93 MP: 11/11
 11998 | D:10     | Found a glowing silver altar of Zin.
 13089 | D:11     | Noticed a two-headed ogre
 13099 | D:11     | Killed a two-headed ogre
 13175 | D:11     | Reached skill level 18 in Axes
 13194 | D:11     | Noticed a two-headed ogre
 13196 | D:11     | Noticed a two-headed ogre
 13641 | D:11     | Noticed a cyclops
 13649 | D:11     | Killed a cyclops
 13977 | D:11     | Killed a two-headed ogre
 13978 | D:11     | Reached skill level 10 in Armour
 14513 | D:11     | Killed a two-headed ogre
 14702 | D:12     | Reached XP level 12. HP: 103/106 MP: 12/12
 14763 | D:12     | Reached skill level 10 in Fighting
 15709 | D:12     | You fall into a shaft and drop 2 floors!
 15717 | D:14     | Noticed a tengu warrior
 15733 | D:14     | Killed a tengu warrior
 16418 | D:12     | Found a staircase to the Orcish Mines.
 16439 | D:12     | Found a roughly hewn altar of Beogh.
 16446 | D:12     | HP: 1/112 [orc knight/+3 battleaxe (22)]
 16446 | D:12     | Slain by a fire elemental

Illustrated notes

Levels and vault maps discovered:
D:1:      zelgadis_glass_arrival_small, layout_loops_ring,
          shapermc_ecumenical_altar_rom_forum
D:2:      layout_basic
D:3:      layout_basic, slow_altar_1, nicolae_ashenzari_panopticon,
          nicolae_shop_vocational
D:4:      kennysheep_goblin_castle, layout_basic, marbit_many_paths,
          nicolae_elyvilon_peaceful_grove
D:5:      layout_rooms, chequers_temple_overflow_statue_of_worship,
          serial_demonic, serial_demonic_f, serial_demonic_f, serial_demonic_g,
          serial_demonic_a, serial_demonic_e
D:6:      layout_basic, temple_fountains, serial_shops, shop
D:7:      layout_basic, serial_shops, nicolae_shop_trees
D:8:      layout_basic, mainiacjoe_overflow_boulevard,
          mainiacjoe_overflow_surrounded_room
D:9:      layout_irregular_city, mainiacjoe_overflow_alcove_1, erik_lair_island,
          st_stairs_11
D:10:     layout_cross, overflow_temple_1_default, kennysheep_generic_room_13
D:11:     layout_irregular_city, serial_undead, serial_undead_c,
          serial_undead_c, serial_undead_f, serial_undead_a
D:12:     layout_loops_cross, david_orc_5
D:13:     layout_irregular_city, david_vaults_3, minmay_lindwurm_lava
D:14:     layout_layer_cave, kennysheep_donut

Skill      XL: |  1  2  3  4  5  6  7  8  9 10 11 12 |
---------------+-------------------------------------+-----
Fighting       | 4 5 7 9 11 | 11.8
Axes           | 5 6 7 8 10 11 14 16 17 18 | 18.9
Armour         | 3 8 10 12 | 12.0
Dodging        | 2 |  2.1

Action                   |  1- 3 |  4- 6 |  7- 9 | 10-12 || total
-------------------------+-------+-------+-------+-------++-------
Melee: Hand axe          |    98 |   112 |   257 |   366 ||   833
       Punch             |       |     1 |     3 |     7 ||    11
       War axe           |       |       |       |   173 ||   173
Invok: Berserk           |     2 |     4 |    12 |    17 ||    35
       Trog's Hand       |       |     2 |     1 |     2 ||     5
       Brothers in Arms  |       |       |       |     1 ||     1
  Use: Potion            |       |     6 |       |     2 ||     8
       Scroll            |       |     4 |     1 |    12 ||    17
 Stab: Sleeping          |     1 |       |       |       ||     1
Armor: Animal skin       |    38 |       |       |       ||    38
       Ring mail         |    18 |    42 |    58 |       ||   118
       Plate armour      |       |       |    45 |   326 ||   371
Dodge: Dodged            |   105 |    48 |   104 |   221 ||   478
